 Dungeon Crawl Stone Soup version 0.26-a0-712-ga5a9c9c9d0 (webtiles) character file.

Game seed: 7389293463664645014

2272 kae the Insei (level 9, -1/59 HPs)
             Began as an Octopode Transmuter on Nov 5, 2020.
             Killed by nerve-wracking pain
             ... invoked by an orc priest
              (7 damage)
             ... on level 7 of the Dungeon.
             The game lasted 00:11:13 (10074 turns).

kae the Insei (Octopode Transmuter)                Turns: 10074, Time: 00:11:13

Health: -1/59      AC:  2    Str: 12    XL:     9   Next: 38%
Magic:  10/13      EV: 23    Int: 22    God:
Gold:   295        SH:  0    Dex: 17    Spells: 5/14 levels left

rFire    . . .     SeeInvis .     - Unarmed
rCold    . . .     Faith    .   (shield currently unavailable)
rNeg     . . .     Spirit   .   (helmet currently unavailable)
rPois    x         Reflect  .   (no amulet)
rElec    .         Harm     .   b - ring of ice
rCorr    .         Rampage  .   f - ring of fire
MR       .....                  t - +6 ring of intelligence
Stlth    ++........             (no ring)
HPRegen  0.19/turn              (no ring)
MPRegen  0.13/turn              (no ring)
                                (no ring)
                                (no ring)

@: lethally poisoned (-1 -> -3), spider-form
A: tiny, almost no armour, stealthy swim, (amphibious), 8 rings, (constrict 8)
a: End Transformation


You were on level 7 of the Dungeon.
You were a venomous arachnid creature.
You visited 1 branch of the dungeon, and saw 7 of its levels.
You also visited: Sewer.

You collected 295 gold pieces.

Inventory:

Jewellery
 b - a ring of ice (left front leg)
 f - a ring of fire (right front leg)
 t - a +6 ring of intelligence (on tentacle)
Wands
 j - a wand of digging (5)
Scrolls
 a - 2 scrolls of identify
 g - a scroll of remove curse
 h - 4 scrolls of teleportation
 k - 4 scrolls of fear
 p - 2 scrolls of fog
 r - a scroll of silence {unknown}
Potions
 c - 2 potions of brilliance
 d - a potion of invisibility
 e - a potion of cancellation
 i - a potion of flight
 l - 5 potions of heal wounds
 m - a potion of curing
 n - 3 potions of might {unknown}
 o - a potion of haste {unknown}
 q - a potion of degeneration {unknown}
 s - a potion of stabbing {unknown}


   Skills:
 + Level 4.6 Fighting
 + Level 5.1 Dodging
 * Level 7.3 Unarmed Combat
 - Level 3.0 Spellcasting
 * Level 7.0 Transmutations
 - Level 3.0 Poison Magic


You had 5 spell levels left.
You knew the following spells:

 Your Spells              Type           Power        Failure   Level
a - Beastly Appendage     Tmut           ####..       4%          1
b - Spider Form           Tmut/Pois      ####......   14%         3
c - Blade Hands           Tmut           ####......   38%         5

Your spell library contained the following spells:

 Spells                   Type           Power        Failure   Level
 Wereblood                Tmut           ####....     5%          2
 Corona                   Hex            #......      28%         1
 Ensorcelled Hibernation  Hex/Ice        #.....       38%         2
 Ice Form                 Ice/Tmut       ####....     50%         4
 Confusing Touch          Hex            #.......     58%         3
 Dazzling Flash           Conj/Hex       #.....       58%         3
 Tukima's Dance           Hex            #.......     58%         3


Dungeon Overview and Level Annotations

Branches:
Dungeon (7/15)             Temple (0/1) D:5           Sewer (visited)

Altars:
Fedhas
Kikubaaqudgha
Sif Muna
Trog
Xom

Shops:
D:6 [

Annotations:
D:3 1 runed translucent door, p0werm0de's ghost, weakling DDFi


Innate Abilities, Weirdness & Mutations

You cannot wear most types of armour.
You are very stealthy in the water. (Stealth+)
((You are amphibious.))
You can wear up to eight rings at the same time.
((You can use your tentacles to constrict eight enemies at once.))
((Your skin changes colour to match your surroundings (Stealth+).))
((Your rubbery body absorbs attacks. (AC +1, EV +1)))


Message History

You kill the orc!
The orc wizard closely misses you.
You bite the orc wizard!
You kill the orc wizard!
You feel sick.
The orc priest mumbles some strange prayers to Beogh against you.
Pain shoots through your body!
Items here: )) †††.
You feel sick. The orc priest closely misses you.
You see here a jackal corpse.
You bite the orc priest!
The orc priest is almost dead.
The orc priest invokes the aid of Beogh against you.
Pain shoots through your body!
* * * LOW HITPOINT WARNING * * *
You completely miss the orc priest.
The orc priest is almost dead.
The orc priest invokes the aid of Beogh against you.
Pain shoots through your body!
You die...

. .. #..!......
.#.##......... .#
........... ###########.#
#.......... #...........#
..........
#..........#####........#
#........<......o......##
#...............s........
#.....)....#####)#####...
##########.###..)........
#..#.....###.....
#.#...#### ≈≈P
#....(....# P
#............
#.........####
#.........#


You could see an orc priest.

Vanquished Creatures
  A yak (D:4)
  Edmund (D:5)
  A water moccasin (D:6)
  An ice beast (D:5)
  A black bear (D:7)
  2 phantoms
  An ogre (D:6)
  A centaur (D:7)
  Blork the orc (D:5)
  4 bullfrogs
  A scorpion (D:5)
  A howler monkey (D:4)
  5 hounds
  A jelly (D:5)
  A gnoll shaman (D:3)
  An orc wizard (D:7)
  3 iguanas
  4 worker ants
  A hound skeleton (D:5)
  18 adders
  14 gnolls
  A howler monkey skeleton (D:4)
  7 river rats
  2 white imps
  3 oozes
  3 worms
  2 dart slugs
  5 leopard geckos
  17 orcs
  7 ball pythons (Sewer)
  7 bats
  5 giant cockroaches
  8 goblins
  6 hobgoblins
  16 jackals
  3 quokkas
  7 frilled lizards
  11 kobolds
  A quokka skeleton (D:5)
  33 rats
208 creatures vanquished.

Vanquished Creatures (others)
  44 plants
  2 withered plants (D:3)
46 creatures vanquished.

Grand Total: 254 creatures vanquished

Notes
Turn   | Place    | Note
-------+----------+-------------------------------------------
     0 | D:1      | kae the Octopode Transmuter began the quest for the Orb.
     0 | D:1      | Reached XP level 1. HP: 13/13 MP: 3/3
   150 | D:1      | Reached XP level 2. HP: 5/18 MP: 3/5
   742 | D:1      | Reached XP level 3. HP: 15/23 MP: 4/6
   752 | D:1      | Learned a level 3 spell: Spider Form
   760 | D:1      | You fall into a shaft and drop 1 floor!
  1285 | D:2      | Reached skill level 1 in Poison Magic
  1290 | D:2      | Reached XP level 4. HP: 27/28 MP: 7/7
  2340 | D:2      | Reached XP level 5. HP: 34/34 MP: 6/8
  2446 | D:3      | Found a runed translucent door.
  2446 | D:3      | Noticed p0werm0de's ghost (weakling DDFi)
  3156 | D:3      | Found a blossoming altar of Fedhas.
  3463 | D:3      | Found a bloodstained altar of Trog.
  3618 | D:4      | Reached XP level 6. HP: 39/39 MP: 7/9
  3825 | D:4      | Found a shimmering blue altar of Sif Muna.
  4276 | D:4      | Found a shimmering altar of Xom.
  4415 | D:3      | HP: 2/40 [gnoll (3)]
  4711 | D:4      | Reached XP level 7. HP: 27/45 MP: 4/11
  5330 | D:5      | Entered Level 5 of the Dungeon
  5330 | D:5      | Noticed Edmund
  5621 | D:4      | Learned a level 5 spell: Blade Hands
  5635 | D:5      | Killed Edmund
  5635 | D:5      | Reached skill level 5 in Unarmed Combat
  5777 | D:5      | Noticed a yak
  5778 | D:5      | Noticed Blork the orc
  5976 | D:4      | Killed a yak
  5976 | D:4      | Reached XP level 8. HP: 24/52 MP: 9/12
  6147 | D:5      | Killed Blork the orc
  6147 | D:5      | Reached skill level 5 in Transmutations
  6921 | D:5      | Found a staircase to the Ecumenical Temple.
  7732 | D:6      | Found an ancient bone altar of Kikubaaqudgha.
  7912 | D:6      | Found Ysaokeot's Antique Armour Boutique.
  8138 | D:6      | Found a glowing drain.
  8154 | Sewer    | Entered a sewer
  8799 | Sewer    | Reached XP level 9. HP: 56/58 MP: 11/13
  9222 | D:6      | Found a shimmering altar of Xom.
  9873 | D:7      | Reached skill level 5 in Dodging
 10074 | D:7      | Killed from afar by an orc priest

Illustrated notes

Levels and vault maps discovered:
D:1:      beargit_arrival_greenhouse, layout_loops_cross, minmay_tall_x
D:2:      layout_loops_ring
D:3:      layout_loops_corners, fedhas_ov_isle_minmay, lightli_temple_of_fire,
          gammafunk_ghost_grave
D:4:      layout_loops_corners, lemuel_blue_sif_altar, lemuel_tele_altar
D:5:      kennysheep_big_flooded_room, layout_basic,
          minmay_temple_entry_stoned_glass, due_unseen_surprise,
          uniq_blork_the_orc, uniq_edmund
D:6:      layout_gridville, nicolae_overflow_crystal_walls,
          gup_sewer_entry_bubbles, basic_altar, serial_shops,
          nicolae_shop_statue_plus
D:7:      layout_rooms, serial_bayou, serial_bayou_crossing,
          serial_bayou_shore_a, serial_bayou_lagoon_a, serial_bayou_lake_a,
          minmay_fractal_squares_diagonal_5

Skill      XL: |  1  2  3  4  5  6  7  8  9 |
---------------+----------------------------+-----
Poison Magic   | 1 2 3 |  3.0
Transmutations | 3 4 6 7 |  7.0
Fighting       | 2 3 4 |  4.6
Unarmed Combat | 4 5 6 7 |  7.3
Dodging        | 3 4 5 |  5.1
Spellcasting   | 3 |  3.0

Action                   |  1- 3 |  4- 6 |  7- 9 || total
-------------------------+-------+-------+-------++-------
Melee: Unarmed           |    67 |   142 |   375 ||   584
       Constrict         |    23 |    30 |    11 ||    64
       Kick              |    20 |    14 |       ||    34
       Tentacles         |     9 |    13 |     9 ||    31
       Punch             |     1 |     1 |     5 ||     7
 Cast: Beastly Appendage |    20 |    26 |     1 ||    47
       Spider Form       |       |     6 |    49 ||    55
  Use: Scroll            |     1 |    11 |     2 ||    14
       Potion            |       |     1 |     1 ||     2
 Stab: Sleeping          |     5 |    10 |     2 ||    17
       Distracted        |       |       |     1 ||     1
Armor: Skin              |     8 |     8 |    20 ||    36
Dodge: Dodged            |    48 |    90 |   376 ||   514

Table legend: (Time is in decaauts)
 A = Elapsed time spent in this place.
 B = Non-inter-level travel time spent in this place.
 C = Inter-level travel time spent in this place.
 D = Time resting spent in this place.
 E = Time spent auto-exploring this place.
 F = Levels seen in this place.
 G = Mean time per level.
                   A        B        C        D        E       F      G
               +--------+--------+--------+--------+--------+-----+--------+
         Total |  10041 |   9846 |    195 |   1629 |   6507 |   8 | 1255.1 |
       Dungeon |   9206 |   9011 |    195 |   1474 |   6062 |   7 | 1315.1 |
         Sewer |    835 |    835 |      0 |    155 |    445 |   1 |  835.0 |
               +--------+--------+--------+--------+--------+-----+--------+

Top non-repeatable levels by time:
     D:4: 1911 daAuts
     D:5: 1761 daAuts
     D:3: 1600 daAuts
     D:6: 1314 daAuts
     D:1: 1224 daAuts
     D:2: 1189 daAuts
   Sewer: 835 daAuts
     D:7: 204 daAuts
